 Dungeon Crawl Stone Soup version 0.18.1-2-ga659475 (webtiles) character file.

226 Hsing the Sneak (level 6, 0/39 HPs)
             Began as a Halfling Assassin on May 8, 2016.
             Killed by nerve-wracking pain
             ... invoked by an orc priest
              (14 damage)
             ... on level 3 of the Dungeon.
             The game lasted 00:12:45 (2528 turns).

Hsing the Sneak (Halfling Assassin)                 Turns: 2528, Time: 00:12:46

Health: 0/39       AC:  3    Str: 11    XL:     6   Next: 22%
Magic:  6/6        EV: 14    Int: 10    God:
Gold:   136        SH:  0    Dex: 28    Spells: 0 memorised, 5 levels left

rFire  . . .     SeeInvis .     b - +0 blowgun
rCold  . . .     Gourm    .     c - +0 robe
rNeg   . . .     Faith    .     (shield restricted)
rPois  .         Spirit   .     (no helmet)
rElec  .         Dismiss  .     d - +0 cloak
rCorr  .         Reflect  .     (no gloves)
SustAt .         Harm     .     (no boots)
MR     .....                    (no amulet)
Stlth  +++++.....               j - +5 ring of dexterity
                                h - +5 ring of dexterity

@: not resistant to hostile enchantments, quite stealthy
A: mutation resistance 1
a: no special abilities


You were on level 3 of the Dungeon.
You were full.

You visited 1 branch of the dungeon, and saw 3 of its levels.

You collected 136 gold pieces.

Inventory:

Hand Weapons
 a - a +3 dagger
 b - a +0 blowgun (weapon)
Missiles
 e - 11 poisoned needles (quivered)
Armour
 c - a +0 robe (worn)
 d - a +0 cloak (worn)
Jewellery
 h - a +5 ring of dexterity (left hand)
 j - a +5 ring of dexterity (right hand)
Scrolls
 f - a scroll of magic mapping {unknown}
 l - 5 scrolls of identify {unknown}
 m - 2 scrolls of amnesia {unknown}
 n - 2 scrolls of remove curse {unknown}
Potions
 i - a potion of degeneration {unknown}
Comestibles
 g - 5 bread rations


   Skills:
 - Level 1.7 Fighting
 + Level 4.9 Short Blades
 - Level 2.1 Throwing
 - Level 1.1 Dodging
 * Level 7.2 Stealth


You had 5 spell levels left.
You didn't know any spells.

Dungeon Overview and Level Annotations

Branches:
Dungeon (3/15)

Altars:
Dithmenos

Annotations:
D:3 Natasha


Innate Abilities, Weirdness & Mutations

You are small and have problems with some larger weapons.
You are somewhat resistant to further mutation.


Message History

The orc barely misses you. The orc priest hits you with a whip.
Firing (i - inventory):
e - 13 poisoned needles (quivered)
Press: ? - help, Shift-Dir - straight line, f/p - orc priest
Aim: an orc priest, wielding a whip (heavily wounded, poisoned)
You shoot a poisoned needle.
The poisoned needle hits the orc priest!
The orc priest looks even sicker.
The orc priest is heavily wounded.
The orc priest hits you with a whip.
The orc hits you from afar with a trident.
Firing (i - inventory):
e - 12 poisoned needles (quivered)
Press: ? - help, Shift-Dir - straight line, f/p - orc priest
Aim: an orc priest, wielding a whip (heavily wounded, poisoned)
You shoot a poisoned needle.
The poisoned needle hits the orc priest.
The orc priest looks even sicker.
The orc priest is heavily wounded.
The orc priest invokes the aid of Beogh against you.
Pain shoots through your body!
You die...

#.)......# #.# #.(...(..# #.#
#........#####.#######
#.......<.............
#........#####.####### ######l###
#.# #o# #.# #o# #.# #@# #.# #.#
#.# #.# #.# #.# #.# #.# #.# #.#
#.#
################.#######.########
#.....>.....†............)†..(...
#################################


You could see an orc priest, an orc and a giant newt.

Vanquished Creatures
  A crimson imp (D:3)
  Natasha (D:3)
  Terence (D:2)
  An iguana (D:3)
  A worker ant (D:3)
  Robin (D:3)
  A gnoll (D:1)
  An adder (D:2)
  2 worms (D:2)
  A giant gecko (D:3)
  2 orcs (D:3)
  4 ball pythons
  6 bats
  5 giant cockroaches
  7 goblins (D:3)
  8 hobgoblins
  A quokka (D:3)
  A giant newt (D:2)
  6 kobolds
  5 rats
56 creatures vanquished.

Notes
Turn   | Place    | Note
--------------------------------------------------------------
     0 | D:1      | Hsing the Halfling Assassin began the quest for the Orb.
     0 | D:1      | Reached XP level 1. HP: 14/14 MP: 1/1
   246 | D:1      | Reached XP level 2. HP: 18/19 MP: 2/2
   521 | D:1      | Reached skill level 5 in Stealth
   521 | D:1      | Reached XP level 3. HP: 24/24 MP: 3/3
   773 | D:2      | Noticed Terence
   796 | D:2      | Killed Terence
   796 | D:2      | Reached XP level 4. HP: 29/29 MP: 4/4
  1015 | D:2      | Reached skill level 6 in Stealth
  1168 | D:2      | Found a shadowy altar of Dithmenos.
  1218 | D:3      | Noticed Natasha
  1231 | D:3      | Killed Natasha
  1231 | D:3      | Reached XP level 5. HP: 17/34 MP: 5/5
  1870 | D:3      | Noticed Robin
  1917 | D:3      | Killed Robin
  1917 | D:3      | Reached skill level 7 in Stealth
  1917 | D:3      | Reached XP level 6. HP: 9/39 MP: 6/6
  2359 | D:3      | Noticed Natasha
  2528 | D:3      | Killed from afar by an orc priest

Skill      XL: |  1  2  3  4  5 |
---------------+----------------+-----
Short Blades   | 3 4 |  4.9
Stealth        | 5 6 7 |  7.2
Fighting       | |  1.7
Throwing       | |  2.1
Dodging        | |  1.1

Action                   |  1- 3 |  4- 6 || total
-------------------------+-------+-------++-------
Melee: Dagger            |    40 |   137 ||   177
 Fire: Blowgun           |    14 |    46 ||    60
  Use: Scroll            |     2 |       ||     2
 Stab: Sleeping          |     6 |     9 ||    15
  Eat: Royal jelly       |       |     1 ||     1
       Meat ration       |       |     1 ||     1
       Pizza             |       |     1 ||     1
       Beef jerky        |       |     1 ||     1
Armor: Robe              |    10 |    23 ||    33
Dodge: Dodged            |    27 |    92 ||   119
